 Dungeon Crawl Stone Soup version 0.17.0-22-g5edae84 (webtiles) character file.

189 lauthentik the Covered (level 6, -5/48 HPs)
             Began as a Human Fighter on Nov 12, 2015.
             Killed by nerve-wracking pain
             ... invoked by Grinder
              (8 damage)
             ... on level 3 of the Dungeon.
             The game lasted 00:07:45 (2393 turns).

lauthentik the Covered (Human Fighter)              Turns: 2393, Time: 00:07:45

Health: -5/48      AC: 15    Str: 19    XL:     6   Next: 0%
Magic:  6/6        EV:  4    Int:  8    God:
Gold:   135        SH:  9    Dex: 12    Spells: 0 memorised, 5 levels left

rFire  . . .     SeeInvis .     a - +0 war axe
rCold  . . .     Clarity  .     q - +0 plate armour
rNeg   + . .     SustAt   .     c - +0 shield
rPois  .         Gourm    .     (no helmet)
rElec  .         Spirit   .     (no cloak)
rCorr  .         Warding  .     g - +0 pair of gloves
rMut   .         Stasis   .     (no boots)
MR     .....                    (no amulet)
Stlth  ..........               l - +3 ring of protection
                                k - ring of positive energy

@: lethally poisoned (-5 -> -10), not resistant to hostile enchantments,
extremely unstealthy
A: no striking features
a: no special abilities


You were on level 3 of the Dungeon.
You were not hungry.

You visited 1 branch of the dungeon, and saw 3 of its levels.

You collected 135 gold pieces.

Inventory:

Hand Weapons
 a - a +0 war axe (weapon)
Armour
 b - a +0 scale mail
 c - a +0 shield (worn)
 g - a +0 pair of gloves (worn)
 q - a +0 plate armour (worn)
Jewellery
 k - a ring of positive energy (left hand)
 l - a +3 ring of protection (right hand)
 y - an uncursed ring of stealth
Wands
 x - a wand of frost (36)
Scrolls
 h - 6 scrolls of remove curse {unknown}
 j - a scroll of fear {unknown}
 m - a scroll of magic mapping {unknown}
 n - a scroll of amnesia {unknown}
 o - 2 scrolls of identify {unknown}
 u - a scroll of random uselessness {unknown}
 A - a scroll of teleportation {unknown}
Potions
 d - 2 potions of might
 f - a potion of ambrosia {unknown}
 p - a potion of cure mutation
 r - a potion of haste {unknown}
 s - a potion of lignification {unknown}
 t - a potion of heal wounds {unknown}
 v - a potion of beneficial mutation {unknown}
 w - a potion of poison {unknown}
 z - a potion of agility {unknown}
Comestibles
 e - 2 bread rations
 i - a meat ration
 B - 3 chunks of flesh


   Skills:
 + Level 3.7 Fighting
 + Level 3.0 Axes
 + Level 4.0 Armour
 + Level 1.7 Dodging
 + Level 0.4 Stealth
 + Level 3.8 Shields


You had 5 spell levels left.
You didn't know any spells.

Dungeon Overview and Level Annotations

Branches:
Dungeon (3/15)

Altars:

Annotations:
D:3 Grinder


Message History

You slash Grinder!
Grinder is heavily wounded.
You feel sick. Grinder barely misses you.
You barely miss Grinder.
Grinder is heavily wounded.
You feel sick. Grinder hits you but does no damage. Grinder hits you.
* * * LOW HITPOINT WARNING * * *
You closely miss Grinder.
Grinder is heavily wounded.
You feel sick. You block Grinder's attack.
You slash Grinder!
Grinder is almost dead.
You feel sick. Grinder hits you.
* * * LOW HITPOINT WARNING * * *
Drink which item? (? for menu, Esc to quit)
It was a potion of cure mutation.
It has a very clean taste.
Grinder says, "FISH!"
Grinder gestures at you. Pain shoots through your body!
You die...

#..# ... ...
..# #.## #..
#)# #@# #5# #.#
#(# #(# #(#
#### #.# #..
#.# #.#
######.####.###
.#


You could see Grinder.

Vanquished Creatures
  Terence (D:3)
  Natasha (thrice) (D:2)
  A gnoll (D:1)
  5 adders
  3 oozes
  2 goblins (D:1)
  6 hobgoblins
  12 kobolds
  4 quokkas (D:2)
  5 bats
  2 giant cockroaches
  4 giant geckos
  6 giant newts
  10 rats
  2 bushes (D:1)
  3 plants (D:1)
69 creatures vanquished.

Vanquished Creatures (others)
  A plant (D:1)
1 creature vanquished.

Grand Total: 70 creatures vanquished

Notes
Turn   | Place    | Note
--------------------------------------------------------------
     0 | D:1      | lauthentik the Human Fighter began the quest for the Orb.
     0 | D:1      | Reached XP level 1. HP: 18/18 MP: 1/1
    33 | D:1      | Reached XP level 2. HP: 5/24 MP: 2/2
    44 | D:1      | HP: 1/24 [ooze (1)]
    52 | D:1      | HP: 1/24 [bat (1)]
   374 | D:1      | Reached XP level 3. HP: 27/29 MP: 3/3
  1022 | D:1      | Reached XP level 4. HP: 35/35 MP: 4/4
  1435 | D:2      | Reached skill level 1 in Dodging
  1601 | D:2      | Noticed Natasha
  1617 | D:2      | Killed Natasha
  1617 | D:2      | Reached XP level 5. HP: 13/41 MP: 5/5
  1757 | D:2      | Noticed Natasha
  1778 | D:2      | Killed Natasha
  1955 | D:2      | Noticed Natasha
  1963 | D:2      | Killed Natasha
  2330 | D:3      | Noticed Terence
  2347 | D:3      | Killed Terence
  2347 | D:3      | Reached skill level 4 in Armour
  2381 | D:3      | Noticed Grinder
  2388 | D:3      | Reached XP level 6. HP: 18/48 MP: 6/6
  2393 | D:3      | Killed from afar by Grinder

Action                   |  1- 3 |  4- 6 || total
-------------------------+-------+-------++-------
Melee: War axe           |   108 |   286 ||   394
Evoke: Wand              |       |     1 ||     1
  Use: Potion            |       |     1 ||     1
  Eat: Chunk             |       |     6 ||     6
